AoeStats
← Erickinio

Arena

509028735Analyzed
4v4 RM · 7d ago on Sep 25, 2026· 55m 52s· 8 players
Game mode
Random Map
Map size
Large (8 player)
Population
200
Speed
Normal
Resources
Standard
Victory
Conquest
Starting age
Dark Age
Ending age
Imperial Age
RankedLock teamsTeams togetherTeam positionsShared explorationLock speedFull tech treeHidden civsTurbo modeCheats
Victory
Defeat
🇭🇰 Goths · Hong Kong SAR China
1062
+11
🇺🇸 Danes · United States
1062
+11
🇲🇽 Saxons · Mexico
1047
+12
🇺🇸 Maya · United States
996
+14
🇺🇸 Goths · United States
1080
-17
🇵🇪 Bengalis · Peru
922
-11
🇨🇦 Bohemians · Canada
911
-10
🇦🇷 Celts · Argentina
911
-10
Jling.YYC
0:30 Loom
10:07 Feudal Age
11:48 Double-Bit Axe
11:45 Horse Collar
16:40 Castle Age
14:34 Man-at-Arms
15:56 Stone Mining
17:13 Scale Mail Armor
19:31 Town Watch
23:24 Gold Mining
27:27 Heavy Plow
31:50 Imperial Age
29:35 Long Swordsman
30:16 Squires
30:28 Forging
30:47 Bow Saw
31:53 Anarchy
32:25 Chain Mail Armor
31:33 Pikeman
33:48 Two-Handed Swordsman
38:08 Iron Casting
36:56 Halberdier
38:09 Crop Rotation
40:49 Elite Huskarl
42:23 Champion
48:40 Blast Furnace
53:42 Murder Holes
Spicy Meatball
5:12 Loom
10:30 Feudal Age
17:59 Castle Age
16:04 Double-Bit Axe
17:54 Horse Collar
19:37 Gold Mining
20:44 Bow Saw
22:37 Heavy Plow
23:52 Wheelbarrow
25:45 Scale Mail Armor
26:51 Gambesons
27:10 Squires
29:45 Hand Cart
29:51 Fletching
30:03 Padded Archer Armor
33:19 Imperial Age
30:52 Bodkin Arrow
31:22 Ballistics
31:50 Thumb Ring
32:13 Masonry
32:23 Leather Archer Armor
33:45 Cranequins
34:52 Conscription
34:28 Heavy Mounted Crossbowman
35:58 Bloodlines
35:49 Husbandry
37:17 Chemistry
36:29 Northmen's Fury
36:48 Capped Ram
37:55 Bracer
37:39 Siege Ram
39:13 Ring Archer Armor
43:54 Chain Mail Armor
43:50 Forging
44:27 Pikeman
44:33 Elite Varangian Guard
45:53 Plate Mail Armor
45:11 Halberdier
47:55 Arson
DJSTONKS
0:26 Loom
10:33 Feudal Age
11:17 Double-Bit Axe
15:29 Castle Age
13:40 Horse Collar
22:21 Fletching
25:51 Bodkin Arrow
28:15 Heavy Plow
29:41 Wheelbarrow
31:07 Ballistics
34:24 Imperial Age
35:14 Thumb Ring
35:12 Bracer
35:16 Elite Plumed Archer
37:17 Hand Cart
36:47 Town Watch
38:11 Padded Archer Armor
39:15 Chemistry
44:01 Conscription
47:05 Holcans
46:53 Leather Archer Armor
46:38 Scale Mail Armor
46:48 Forging
48:43 Squires
48:06 Eagle Warrior
48:32 Arson
49:19 Ring Archer Armor
49:06 Chain Mail Armor
49:17 Elite Eagle Warrior
51:21 Iron Casting
52:23 Plate Mail Armor
dantealhz
1:03 Loom
10:37 Feudal Age
17:13 Castle Age
15:28 Double-Bit Axe
15:59 Horse Collar
19:20 Wheelbarrow
18:31 Town Watch
18:43 Stone Mining
26:02 Fletching
26:13 Padded Archer Armor
26:59 Gold Mining
29:34 Forging
31:06 Hand Cart
30:39 Town Watch
31:08 Heavy Plow
33:21 Bow Saw
36:01 Imperial Age
34:25 Gold Shaft Mining
35:07 Iron Casting
34:32 Scale Mail Armor
35:07 Iron Casting
34:34 Scale Mail Armor
35:39 Clerical Recruitment
36:59 Sanctity
37:20 Conscription
37:56 Block Printing
37:15 Elite Skirmisher
38:01 Thumb Ring
38:29 Man-at-Arms
38:54 Gambesons
39:40 Chain Mail Armor
39:21 Bodkin Arrow
39:54 Ballistics
41:02 Leather Archer Armor
40:18 Shield Wall
40:28 Long Swordsman
41:12 Squires
40:57 Arson
42:12 Plate Mail Armor
41:20 Two-Handed Swordsman
42:02 Champion
43:53 Hoardings
farmer4510
1:01 Loom
10:39 Feudal Age
11:06 Double-Bit Axe
11:04 Horse Collar
17:22 Castle Age
15:47 Scale Mail Armor
16:02 Gold Mining
17:00 Forging
16:48 Man-at-Arms
18:23 Squires
19:23 Iron Casting
18:36 Long Swordsman
20:07 Chain Mail Armor
22:03 Bow Saw
23:28 Heavy Plow
24:53 Wheelbarrow
24:47 Stone Mining
26:56 Hand Cart
30:57 Pikeman
34:37 Imperial Age
32:17 Anarchy
34:54 Ballistics
34:29 Murder Holes
35:09 Elite Huskarl
36:11 Conscription
36:17 Perfusion
45:07 Blast Furnace
Erickinio
10:36 Feudal Age
11:09 Double-Bit Axe
12:17 Arson
12:56 Loom
13:46 Forging
14:01 Man-at-Arms
17:47 Scale Mail Armor
24:35 Castle Age
23:20 Gold Mining
23:21 Stone Mining
29:16 Wheelbarrow
30:45 Long Swordsman
31:10 Gambesons
32:34 Pikeman
barnacles
12:44 Feudal Age
13:50 Feudal Age
18:12 Castle Age
16:06 Double-Bit Axe
16:07 Horse Collar
19:59 Wheelbarrow
20:18 Bow Saw
21:22 Heavy Plow
23:41 Hand Cart
23:26 Loom
23:46 Town Watch
31:15 Imperial Age
35:41 Chemistry
35:07 Ballistics
34:46 Murder Holes
35:04 Masonry
35:15 Ballistics
47:19 Architecture
46:56 Siege Engineers
50:17 Town Patrol
Arianna Ishikawa
11:21 Feudal Age
16:21 Castle Age
14:27 Horse Collar
14:55 Double-Bit Axe
15:20 Gold Mining
17:56 Bow Saw
18:07 Heavy Plow
18:21 Loom
19:38 Wheelbarrow
25:17 Gold Shaft Mining
24:59 Hand Cart
30:01 Imperial Age
27:22 Town Watch
28:16 Fortified Wall
28:37 Scale Barding Armor
28:42 Forging
28:35 Scale Mail Armor
28:29 Fletching
28:40 Padded Archer Armor
28:52 Stone Mining
29:37 Chain Mail Armor
29:43 Chain Barding Armor
30:00 Masonry
29:49 Bodkin Arrow
30:29 Iron Casting
30:19 Pikeman
31:00 Squires
30:45 Arson
31:22 Leather Archer Armor
31:29 Ballistics
32:10 Elite Skirmisher
33:23 Conscription
33:44 Bracer
34:20 Iron Casting
34:23 Paiks
35:01 Plate Barding Armor
35:17 Ring Archer Armor
35:54 Chemistry
35:00 Siege Engineers
36:26 Blast Furnace
35:12 Halberdier
36:58 Man-at-Arms
37:25 Gambesons
38:18 Bloodlines
38:08 Husbandry
37:31 Light Cavalry
39:05 Architecture
38:31 Murder Holes
38:03 Long Swordsman
38:55 Two-Handed Swordsman
40:43 Elite Battle Elephant
42:29 Guilds
43:29 Champion
44:48 Siege Elephant
46:24 Mahayana
Connection lost

Rejoining the realm…

Still unreachable

The connection could not be restored.

Session expired

The server has moved on; the page needs a fresh start.